 Dungeon Crawl Stone Soup version 0.20-a0-901-g27f6fa8 (webtiles) character file.

72 Rrauwl the Slasher (level 4, -3/35 HPs)
             Began as a Barachi Skald on Mar 19, 2017.
             Slain by a centaur (4 damage)
             ... on level 3 of the Dungeon.
             The game lasted 00:08:26 (1758 turns).

Rrauwl the Slasher (Barachi Skald)                  Turns: 1758, Time: 00:08:26

Health: -3/35      AC:  5    Str: 12    XL:     4   Next: 25%
Magic:  7/7        EV: 12    Int: 16    God:
Gold:   80         SH:  0    Dex: 10    Spells: 6/7 levels left

rFire    . . .     SeeInvis .   a - +1 falchion
rCold    . . .     Gourm    .   b - +0 leather armour
rNeg     . . .     Faith    .   (no shield)
rPois    .         Spirit   .   (no helmet)
rElec    .         Reflect  .   (no cloak)
rCorr    .         Harm     .   (no gloves)
MR       .....     Clarity  +   (no boots)
Stlth    +.........             (no amulet)
Regen    0.2/turn               (no ring)
MPRegen  0.1/turn               f - +3 ring of slaying

@: slow
A: +LOS, swims, yellow scales 1, clarity, clever 1, clumsy 1, slowness 1, strong
legs 1
a: Hop


You were on level 3 of the Dungeon.
You were not hungry.

You visited 1 branch of the dungeon, and saw 3 of its levels.

You collected 80 gold pieces.

Inventory:

Hand Weapons
 a - a +1 falchion (weapon)
Armour
 b - a +0 leather armour (worn)
Jewellery
 f - a +3 ring of slaying (left hand)
Scrolls
 e - 2 scrolls of identify
Books
 c - a book of Battle

   Spells                             Type                      Level
   a - Infusion                       Charms                       1
   b - Shroud of Golubria             Charms/Translocation         2
   c - Song of Slaying                Charms                       2
   d - Spectral Weapon                Hexes/Charms                 3
   e - Regeneration                   Charms/Necromancy            3
Comestibles
 d - 3 bread rations
 g - 2 royal jellies
 h - a fruit
 i - a meat ration
 j - 11 chunks of flesh


   Skills:
 - Level 3.0 Fighting
 + Level 3.6 Long Blades
 + Level 2.2 Armour
 + Level 3.2 Dodging
 - Level 2.1 Spellcasting
 - Level 3.2 Charms


You had 6 spell levels left.
You knew the following spells:

 Your Spells              Type           Power        Failure   Level  Hunger
a - Infusion              Chrm           ##..         10%         1    #......


Dungeon Overview and Level Annotations

Branches:
Dungeon (3/15)

Altars:
Zin


Innate Abilities, Weirdness & Mutations

Shadows flee at your approach. (+LOS)
You can swim through water.
You cover ground slowly.
You can hop short distances.
You are partially covered in yellow scales. (AC +2)
You possess an exceptional clarity of mind.
Your mind is acute. (Int +2)
You are clumsy. (Dex -2)


Message History

The centaur shoots an arrow.
The arrow hits you!
An orc comes into view. It is wielding a dagger.
The orc shouts!
An adder comes into view.
The adder hisses angrily.
The centaur shoots an arrow.
The arrow hits you!
You see here an arrow.
The centaur unwields an uncursed shortbow.
The centaur barely misses you.
You hit the centaur.
The centaur is moderately wounded.
The centaur hits you.
* * * LOW HITPOINT WARNING * * *
The centaur hits you!
* * * LOW HITPOINT WARNING * * *
The adder bites you but does no damage.
You closely miss the centaur.
The centaur is moderately wounded.
The centaur hits you.
You die...

#.. #.. ##
.. . .
#.#.##.#
#....#.
#o....
#..#.#
#.c.##
##@..#
#S...#
#.##..#
... #<.#
..w..
#.(./.....
.......
#.######..
.###.###
#?# #. ..#
# #.#


You could see a centaur, a worm, an adder and an orc.

Vanquished Creatures
  An ooze (D:2)
  A worm (D:2)
  6 leopard geckos
  3 giant cockroaches
  6 goblins
  8 hobgoblins
  4 jackals (D:1)
  A quokka (D:2)
  A ball python (D:1)
  6 bats
  11 kobolds
  2 rats
50 creatures vanquished.

Vanquished Creatures (others)
  A plant (D:2)
1 creature vanquished.

Grand Total: 51 creatures vanquished

Notes
Turn   | Place    | Note
-------+----------+-------------------------------------------
     0 | D:1      | Rrauwl the Barachi Skald began the quest for the Orb.
     0 | D:1      | Reached XP level 1. HP: 17/17 MP: 3/3
   182 | D:1      | Reached XP level 2. HP: 10/23 MP: 5/5
  1005 | D:1      | Gained mutation: Your mind is acute. (Int +2) [potion of mutation]
  1005 | D:1      | Gained mutation: You are clumsy. (Dex -2) [potion of mutation]
  1005 | D:1      | Gained mutation: You possess an exceptional clarity of mind. [potion of mutation]
  1005 | D:1      | Gained mutation: You are partially covered in yellow scales. (AC +2) [potion of mutation]
  1135 | D:1      | Reached XP level 3. HP: 24/29 MP: 6/6
  1499 | D:2      | Found a glowing silver altar of Zin.
  1500 | D:2      | Noticed an angel
  1603 | D:2      | Reached XP level 4. HP: 31/35 MP: 7/7
  1752 | D:3      | Noticed a centaur
  1757 | D:3      | HP: 1/35 [centaur (9)]
  1758 | D:3      | Slain by a centaur

Vault maps used:
D:1:      mrwooster_arrival_statue_2, minivault_19
D:2:      zin_angel, lexackson_kobold_supper
D:3:      minmay_misc_feat_nine_boxes, grunt_qazlal_clouds

Skill      XL: |  1  2  3  4 |
---------------+-------------+-----
Fighting       | 3 |  3.0
Long Blades    | 3 |  3.6
Armour         | 2 |  2.2
Dodging        | 3 |  3.2
Spellcasting   | |  2.1
Charms         | |  3.2

Action                   |  1- 3 |  4- 6 || total
-------------------------+-------+-------++-------
Melee: Falchion          |   132 |    22 ||   154
  Use: Scroll            |     5 |       ||     5
       Potion            |     2 |       ||     2
  Eat: Chunk             |     3 |     1 ||     4
Armor: Leather armour    |    33 |     7 ||    40
Dodge: Dodged            |    76 |    12 ||    88
       Rpst.: Falchion   |    23 |     3 ||    26
